[Event "Titled Tuesday Blitz September 13 Early 2022"]
[White "Lin, Dachey"]
[Black "Odegov, Artem"]
[WhiteFideId "2029650"]
[BlackFideId "34183644"]
[WhiteElo "2313"]
[BlackElo "2286"]
[Result "1-0"]
[Round "09"]
[TimeControl "180+1"]
[Date "2022.09.13"]
[WhiteClock "0:01:12"]
[BlackClock "0:00:02"]

1. g4 e5 2. d4 exd4 3. Qxd4 Nc6 4. Qe4+ Be7 5. Bg2 Nf6 6. Qa4 O-O 7. g5 Ne8 8. h4 d5 9. Nc3 Be6 10. Nh3 Ne5 11. Qd4 Nc6 12. Qd1 d4 13. Ne4 Nd6 14. Ng3 Qd7 15. Nf4 Bg4 16. Nd3 Rae8 17. Bxc6 Qxc6 18. Ne5 Qd5 19. Nxg4 Nf5 20. O-O Nxh4 21. e4 Qb5 22. e5 Qd5 23. f3 Bc5 24. Kh2 Ng6 25. f4 Nh4 26. Qe2 f6 27. gxf6 gxf6 28. Qe4 Qc4 29. f5 fxe5 30. Nh6+ Kh8 31. Qxh4 Qxc2+ 32. Kh3 Be7 33. Bg5 Bxg5 34. Qxg5 Qc6 35. f6 Qe6+ 36. Rf5 Rg8 37. Nxg8 Rxg8 38. Qh5 Rf8 39. Re1 Rxf6 40. Rxe5 Rxf5 41. Rxe6 Rxh5+ 1-0


[Site "https://www.chess.com"]

[Event "Titled Tuesday Blitz September 13 Early 2022"]
[White "Maksimovic, Bojan"]
[Black "Pranav, V"]
[WhiteFideId "14408120"]
[BlackFideId "25060783"]
[WhiteElo "2447"]
[BlackElo "2390"]
[Result "0-1"]
[Round "09"]
[TimeControl "180+1"]
[Date "2022.09.13"]
[WhiteClock "0:00:08"]
[BlackClock "0:01:37"]

1. e4 e5 2. Nf3 Nc6 3. Bb5 a6 4. Ba4 Nf6 5. O-O b5 6. Bb3 Bc5 7. c3 d6 8. d4 Bb6 9. Be3 O-O 10. Nbd2 h6 11. h3 Re8 12. Re1 Bb7 13. d5 Ne7 14. Bxb6 cxb6 15. Nf1 Ng6 16. Bc2 Nf4 17. Kh2 Nd7 18. g3 Ng6 19. Ne3 Rc8 20. Qe2 Ngf8 21. Nf5 Qf6 22. Rad1 Nc5 23. Kg2 Rc7 24. Nh2 Bc8 25. Ng4 Qd8 26. a3 Nh7 27. Nge3 Nf6 28. Qf3 Nh7 29. Kh2 Ng5 30. Qg2 g6 31. Nxh6+ Kg7 32. Nhg4 Nxh3 33. Qf1 Rh8 34. Kg2 Qg5 35. f4 exf4 36. gxf4 Nxf4+ 37. Kg3 Rh3+ 38. Qxh3 Nxh3 39. Kxh3 Re7 40. Rg1 Qxe3+ 0-1


[Site "https://www.chess.com"]

[Event "Titled Tuesday Blitz September 13 Early 2022"]
[White "Molina, Roberto Junio Brito"]
[Black "Turutin, Alexander"]
[WhiteFideId "2109450"]
[BlackFideId "4180623"]
[WhiteElo "2403"]
[BlackElo "2402"]
[Result "1-0"]
[Round "09"]
[TimeControl "180+1"]
[Date "2022.09.13"]
[WhiteClock "0:01:46"]
[BlackClock "0:00:20"]

1. d4 Nf6 2. e3 d6 3. Nf3 g6 4. b3 Bg7 5. Bb2 O-O 6. Nbd2 b6 7. c4 Bb7 8. d5 e6 9. dxe6 fxe6 10. Be2 Nbd7 11. O-O e5 12. Qc2 a5 13. Ng5 Qe7 14. Bf3 Bxf3 15. Ngxf3 Nc5 16. Rad1 Nfd7 17. Ne4 Nxe4 18. Qxe4 Nc5 19. Qd5+ Kh8 20. Nd2 Rae8 21. Ne4 Nxe4 22. Qxe4 Rf5 23. Rd2 Ref8 24. f3 h6 25. g4 R5f7 26. Kg2 Qg5 27. Bc1 h5 28. h3 Bh6 29. Rdf2 Qf6 30. f4 exf4 31. Bb2 1-0


[Site "https://www.chess.com"]

[Event "Titled Tuesday Blitz September 13 Early 2022"]
[White "Narayanan, Srinath"]
[Black "Maltsevskaya, Aleksandra"]
[WhiteFideId "5018420"]
[BlackFideId "24174041"]
[WhiteElo "2459"]
[BlackElo "2243"]
[Result "1-0"]
[Round "09"]
[TimeControl "180+1"]
[Date "2022.09.13"]
[WhiteClock "0:00:08"]
[BlackClock "0:00:17"]

1. Nf3 Nf6 2. c4 g6 3. b3 d6 4. Bb2 Nbd7 5. g3 Bg7 6. Bg2 O-O 7. O-O e5 8. Nc3 a5 9. d3 Nc5 10. Nd2 a4 11. b4 a3 12. Bc1 Ne6 13. Rb1 h5 14. Rb3 h4 15. Rxa3 Rxa3 16. Bxa3 hxg3 17. fxg3 Ng4 18. Qc1 Bh6 19. Bf3 Ng5 20. Bxg4 Bxg4 21. h4 Nh3+ 22. Kh2 f5 23. Qe1 f4 24. Nce4 fxg3+ 25. Qxg3 Bf4 26. Rxf4 Rxf4 27. e3 Bf5 28. exf4 exf4 29. Qe1 d5 30. cxd5 c6 31. d6 Qb6 32. Nc4 Qd4 33. d7 Bxd7 34. Bb2 Qxd3 35. Nf6+ Kf7 36. Ne5+ 1-0


[Site "https://www.chess.com"]

[Event "Titled Tuesday Blitz September 13 Early 2022"]
[White "Oparin, Grigoriy"]
[Black "Koustav, Chatterjee"]
[WhiteFideId "24125890"]
[BlackFideId "25073060"]
[WhiteElo "2639"]
[BlackElo "2196"]
[Result "1-0"]
[Round "09"]
[TimeControl "180+1"]
[Date "2022.09.13"]
[WhiteClock "0:00:52"]
[BlackClock "0:00:08"]

1. c4 e5 2. Nc3 Nf6 3. Nf3 Nc6 4. e3 Bb4 5. Qc2 Bxc3 6. bxc3 O-O 7. e4 d6 8. g3 a6 9. a4 Be6 10. d3 h6 11. Bg2 Nd7 12. Nh4 Ne7 13. O-O c6 14. a5 f5 15. Ba3 Nf6 16. c5 d5 17. exf5 Nxf5 18. Ng6 Re8 19. Nxe5 Qxa5 20. d4 Ne7 21. Rfe1 Bf5 22. Qc1 Ng6 23. f3 Nxe5 24. dxe5 Nd7 25. Qf4 Be6 26. Qd4 Qc7 27. g4 Rf8 28. Bc1 Rae8 29. h3 b6 30. cxb6 Qb7 31. f4 c5 32. Qa4 Qxb6 33. Qxa6 Qc7 34. Qa7 Qc8 35. f5 Bxf5 36. gxf5 Nxe5 37. Bf4 Nd3 38. Rxe8 Rxe8 39. Bxd5+ Kh8 40. Be6 Qd8 41. Qa4 Qh4 42. Qxe8+ 1-0


[Site "https://www.chess.com"]

[Event "Titled Tuesday Blitz September 13 Early 2022"]
[White "Rustemov, Alexander"]
[Black "Weetik, Vjacheslav"]
[WhiteFideId "4119002"]
[BlackFideId "4153472"]
[WhiteElo "2850"]
[BlackElo "2469"]
[Result "1-0"]
[Round "09"]
[TimeControl "180+1"]
[Date "2022.09.13"]
[WhiteClock "0:00:28"]
[BlackClock "0:00:21"]

1. d4 d5 2. c4 e6 3. Nc3 c6 4. e3 Bd6 5. Qc2 f5 6. Bd3 Nf6 7. Nge2 Ne4 8. f3 Qh4+ 9. g3 Bxg3+ 10. Nxg3 Nxg3 11. Qf2 f4 12. exf4 Nf5 13. Bxf5 Qxf2+ 14. Kxf2 exf5 15. Re1+ Kf7 16. cxd5 Rd8 17. dxc6 Nxc6 18. d5 Nb4 19. Rd1 b6 20. a3 Na6 21. Be3 Bb7 22. Rd2 Rac8 23. Rad1 Nc5 24. Bxc5 Rxc5 25. h4 Rd6 26. Ke3 a6 27. Rd4 b5 28. a4 bxa4 29. Rxa4 Kf6 30. Rad4 Rc8 31. R1d2 Rb6 32. Na4 Rb3+ 33. R2d3 Rb5 34. b4 Re8+ 35. Kf2 Rd8 36. Nc5 Bc8 37. d6 a5 38. d7 axb4 39. dxc8=Q Rxc8 40. Rd6+ Kf7 41. Rd7+ Kg8 42. Ne6 Rb6 43. Rxg7+ Kh8 44. Re7 b3 45. Rdd7 Rxe6 46. Rxe6 Rb8 47. Ree7 b2 48. Rxh7+ Kg8 49. Rdg7+ Kf8 50. Rh8+ 1-0


[Site "https://www.chess.com"]

[Event "Titled Tuesday Blitz September 13 Early 2022"]
[White "Sadhwani, Raunak"]
[Black "Demchenko, Anton"]
[WhiteFideId "35093487"]
[BlackFideId "4160258"]
[WhiteElo "2656"]
[BlackElo "2539"]
[Result "1-0"]
[Round "09"]
[TimeControl "180+1"]
[Date "2022.09.13"]
[WhiteClock "0:00:12"]
[BlackClock "0:00:02"]

1. c4 e6 2. Nf3 Nf6 3. d4 d5 4. g3 dxc4 5. Bg2 Nc6 6. Qa4 Bd7 7. Qxc4 Bd6 8. O-O O-O 9. Nc3 h6 10. Rd1 Qe7 11. Bf4 Rad8 12. Rac1 a6 13. e3 Rfe8 14. Qe2 Nd5 15. Nxd5 exd5 16. Bxd6 Qxd6 17. Qc2 Rc8 18. a3 Bg4 19. Rd2 Bxf3 20. Bxf3 Nd8 21. Qb3 c6 22. Bxd5 Rc7 23. Bg2 h5 24. h4 g6 25. Rdc2 Rd7 26. Bh3 Rde7 27. Rc3 Ne6 28. Bxe6 Rxe6 29. Qxb7 Rxe3 30. Qxc6 Re1+ 31. Kg2 Qxd4 32. Qc4 Qa7 33. b4 Qb7+ 34. Rf3 R1e4 35. Qc6 Qa7 36. Qc5 Qb7 37. Qc6 Qa7 38. Rd1 R4e7 39. Rd6 a5 40. b5 a4 41. Rdf6 Kg7 42. Rxf7+ Rxf7 43. Qxe8 Rxf3 44. Kxf3 Qc5 45. Kg2 Qxa3 46. b6 Qb3 47. Qd7+ Kh6 48. Qd2+ Kg7 49. Qd4+ Kf7 50. Qd7+ Kf6 51. b7 a3 52. Qd6+ Kg7 53. b8=Q Qxb8 54. Qxb8 a2 55. Qe5+ 1-0


[Site "https://www.chess.com"]

[Event "Titled Tuesday Blitz September 13 Early 2022"]
[White "Salem, A.R. Saleh"]
[Black "Kevlishvili, Robby"]
[WhiteFideId "9301348"]
[BlackFideId "1040634"]
[WhiteElo "2628"]
[BlackElo "2585"]
[Result "0-1"]
[Round "09"]
[TimeControl "180+1"]
[Date "2022.09.13"]
[WhiteClock "0:00:02"]
[BlackClock "0:00:56"]

1. d4 d5 2. c4 e6 3. Nc3 a6 4. cxd5 exd5 5. Nf3 c6 6. Qc2 Nf6 7. Bg5 Be6 8. e3 Nbd7 9. Bd3 Bd6 10. h3 Qb8 11. O-O-O h6 12. Bxf6 Nxf6 13. g4 Qc7 14. g5 hxg5 15. Nxg5 O-O-O 16. Rdg1 Kb8 17. Na4 Bc8 18. Nc5 g6 19. Kb1 Nh5 20. Rc1 Ng7 21. Ka1 Ka7 22. Qa4 Bxc5 23. Rxc5 f6 24. Bxa6 bxa6 25. Rxc6 Qb7 26. Rxf6 Rhf8 27. Rxf8 Rxf8 28. f4 Nf5 29. Rc1 Rf6 30. b3 Bd7 31. Qa5 Rc6 32. Rc5 Rxc5 33. Qxc5+ Kb8 34. Nf7 Qc7 35. Ne5 Nxe3 36. Kb2 Bxh3 37. Nc6+ Ka8 38. Qf8+ Kb7 39. Nd8+ Ka7 40. Qf6 Nd1+ 41. Kb1 Bf5+ 0-1


[Site "https://www.chess.com"]

[Event "Titled Tuesday Blitz September 13 Early 2022"]
[White "Sarana, Alexey"]
[Black "Lopez, Henry"]
[WhiteFideId "24133795"]
[BlackFideId "5203830"]
[WhiteElo "2689"]
[BlackElo "2177"]
[Result "1-0"]
[Round "09"]
[TimeControl "180+1"]
[Date "2022.09.13"]
[WhiteClock "0:01:44"]
[BlackClock "0:00:20"]

1. c4 Nf6 2. d4 c5 3. Nc3 cxd4 4. Qxd4 Nc6 5. Qd2 e5 6. a3 Bc5 7. e3 a5 8. Bd3 d6 9. Nge2 Be6 10. Ng3 O-O 11. O-O d5 12. cxd5 Nxd5 13. Nxd5 Qxd5 14. Qc2 f5 15. Rd1 Qb3 16. Qe2 e4 17. Bc2 Qb6 18. Bd2 Qxb2 19. Rdc1 Qe5 20. Ba4 Rac8 21. Bc3 Qd6 22. Nh5 Rf7 23. Rd1 Qf8 24. Qb2 b6 25. Nf4 Bd7 26. Qb3 Kh8 27. Rd2 Qe8 28. Rad1 Ne5 29. Bxd7 Nxd7 30. Qxf7 Qxf7 31. Rxd7 Qg8 32. h4 Bxa3 33. Be5 Rc1 34. Rxc1 Bxc1 35. Nh5 Qc8 36. Bxg7+ 1-0


[Site "https://www.chess.com"]

[Event "Titled Tuesday Blitz September 13 Early 2022"]
[White "Seo, Jung Min"]
[Black "Solon, Nathan"]
[WhiteFideId "1734687"]
[BlackFideId "2017229"]
[WhiteElo "2455"]
[BlackElo "2611"]
[Result "0-1"]
[Round "09"]
[TimeControl "180+1"]
[Date "2022.09.13"]
[WhiteClock "0:01:34"]
[BlackClock "0:01:43"]

1. c4 e6 2. d4 d5 3. Nc3 c5 4. cxd5 cxd4 5. Qxd4 Nc6 6. Qd1 exd5 7. Qxd5 Bd6 8. e3 Nf6 9. Qd1 O-O 10. Nf3 Qe7 11. Be2 Rd8 12. Bd2 a6 13. a3 b5 14. O-O Bb7 15. Qc2 Ne5 16. Nxe5 Qxe5 17. f4 Qe6 18. Bf3 Bxf3 19. Rxf3 Bc5 20. Re1 Qc4 21. Bc1 Rd3 22. Qe2 Rad8 23. Kh1 Rxc3 0-1


[Site "https://www.chess.com"]

[Event "Titled Tuesday Blitz September 13 Early 2022"]
[White "Shandrygin, Nikita"]
[Black "Postny, Evgeny"]
[WhiteFideId "24198668"]
[BlackFideId "2804344"]
[WhiteElo "2323"]
[BlackElo "2456"]
[Result "0-1"]
[Round "09"]
[TimeControl "180+1"]
[Date "2022.09.13"]
[WhiteClock "0:01:09"]
[BlackClock "0:01:37"]

1. e4 c5 2. Nf3 e6 3. d4 cxd4 4. Nxd4 Nc6 5. Nc3 a6 6. Be2 Nf6 7. O-O d6 8. Be3 Be7 9. f4 Qc7 10. Qe1 Nxd4 11. Bxd4 O-O 12. Kh1 b5 13. Qg3 b4 14. e5 dxe5 15. fxe5 bxc3 16. exf6 Qxg3 17. hxg3 Bxf6 18. bxc3 e5 19. Bc5 Rd8 20. Bf3 Rb8 21. Ba7 Rb2 22. Rad1 Rxd1 23. Rxd1 Rxc2 0-1


[Site "https://www.chess.com"]

[Event "Titled Tuesday Blitz September 13 Early 2022"]
[White "Tari, Aryan"]
[Black "Ter-Sahakyan, Samvel"]
[WhiteFideId "1510045"]
[BlackFideId "13302531"]
[WhiteElo "2612"]
[BlackElo "2604"]
[Result "1/2-1/2"]
[Round "09"]
[TimeControl "180+1"]
[Date "2022.09.13"]
[WhiteClock "0:00:09"]
[BlackClock "0:00:04"]

1. e4 c6 2. d4 d5 3. e5 c5 4. Nf3 cxd4 5. Nxd4 Nc6 6. Nxc6 bxc6 7. Bd3 e6 8. O-O a5 9. Qe2 Ne7 10. Nd2 Ng6 11. Nf3 Be7 12. g3 Qb6 13. h4 h6 14. h5 Nf8 15. Be3 c5 16. c3 Ba6 17. b3 Bxd3 18. Qxd3 Nd7 19. c4 d4 20. Bf4 Qc6 21. Nd2 a4 22. Ne4 O-O 23. Qf3 Ra6 24. Rae1 Kh8 25. g4 f5 26. exf6 Nxf6 27. Qg2 axb3 28. axb3 Rb6 29. g5 Nxe4 30. Rxe4 hxg5 31. Bd2 Rxb3 32. Qg4 Bf6 33. Rxe6 Qf3 34. Qxf3 Rxf3 35. Rc6 d3 36. Rxc5 Bd4 37. Rd5 Bxf2+ 38. Kg2 Rg3+ 39. Kh2 Rg4 40. Kh3 Rh4+ 41. Kg2 Rg4+ 42. Kh3 Rh4+ 43. Kg2 Rg4+ 44. Kh3 1/2-1/2


[Site "https://www.chess.com"]

[Event "Titled Tuesday Blitz September 13 Early 2022"]
[White "Terry, Renato"]
[Black "Shimanov, Aleksandr"]
[WhiteFideId "3803457"]
[BlackFideId "4198603"]
[WhiteElo "2577"]
[BlackElo "2605"]
[Result "0-1"]
[Round "09"]
[TimeControl "180+1"]
[Date "2022.09.13"]
[WhiteClock "0:00:12"]
[BlackClock "0:00:12"]

1. d4 Nf6 2. Nf3 g6 3. Bg5 Bg7 4. c3 O-O 5. Nbd2 d5 6. e3 Nbd7 7. Be2 Re8 8. O-O e5 9. h3 c6 10. Bh4 a5 11. a4 exd4 12. cxd4 Qb6 13. Qc2 Ne4 14. Nxe4 Rxe4 15. Rac1 Re8 16. Bg3 Nb8 17. Be5 Bf8 18. Nh2 Nd7 19. Ng4 h5 20. Nf6+ Nxf6 21. Bxf6 Bf5 22. Bd3 Bxd3 23. Qxd3 Bd6 24. b3 Re6 25. Bg5 Rae8 26. Rce1 Kg7 27. g3 f6 28. Bf4 Bb4 29. h4 Bxe1 30. Rxe1 Qd8 31. Qc3 Kf7 32. Rb1 R6e7 33. Qc5 Rd7 34. b4 axb4 35. Rxb4 Qe7 36. Qc3 Ra8 37. Qb2 Ra7 38. Bb8 Ra8 39. Bf4 Kg7 40. Kh2 Qf7 41. Kg1 Re8 42. Kh2 Qe7 43. Kg1 Kh7 44. Kh2 Rf8 45. Qb1 Rf7 46. Kg1 Qe4 47. Qb2 Rg7 48. Kh2 g5 49. hxg5 fxg5 50. Be5 Rgf7 51. f4 Qxe3 52. Qb1+ Qe4 53. fxg5 Rf2+ 54. Kh3 Kg6 55. Bf4 Re7 56. Qxe4+ dxe4 57. Rb3 Rf3 58. Rb2 e3 59. Kg2 Rf2+ 60. Rxf2 exf2 61. Kxf2 Re4 62. Be3 Kf5 63. Kf3 Re8 64. a5 Rd8 65. Kf2 Rd5 0-1


[Site "https://www.chess.com"]

[Event "Titled Tuesday Blitz September 13 Early 2022"]
[White "Vidit, Santosh Gujrathi"]
[Black "Paravyan, David"]
[WhiteFideId "5029465"]
[BlackFideId "4194985"]
[WhiteElo "2654"]
[BlackElo "2555"]
[Result "1-0"]
[Round "09"]
[TimeControl "180+1"]
[Date "2022.09.13"]
[WhiteClock "0:01:03"]
[BlackClock "0:00:05"]

1. c4 Nf6 2. Nc3 d5 3. cxd5 Nxd5 4. e4 Nb4 5. Nf3 N8c6 6. d3 Bg4 7. a3 Na6 8. Be3 e5 9. b4 Nd4 10. Be2 Bxf3 11. Bxf3 c6 12. Bg4 Nc7 13. Ne2 h5 14. Bh3 Ncb5 15. O-O Be7 16. Kh1 Nxe2 17. Qxe2 Bg5 18. a4 Nd4 19. Qb2 O-O 20. f4 Bh6 21. Bxd4 Qxd4 22. Qxd4 exd4 23. g3 Rfd8 24. Kg2 g6 25. Rfc1 Bf8 26. b5 c5 27. a5 Bd6 28. e5 Be7 29. Kf2 Kg7 30. Bg2 Rab8 31. b6 a6 32. Ra4 h4 33. Rac4 hxg3+ 34. hxg3 Rdc8 35. Bd5 f6 36. exf6+ Kxf6 37. Re1 Bf8 38. Re6+ Kg7 39. Be4 Kf7 40. Rxg6 Be7 41. Rh6 Kg7 42. Rh7+ Kf8 43. g4 Bf6 44. Rxb7 Rxb7 45. Bxb7 Rb8 46. Bxa6 Be7 47. Bb5 Kf7 48. Bc6 Ke6 49. a6 Rxb6 50. a7 1-0


[Site "https://www.chess.com"]

[Event "Titled Tuesday Blitz September 13 Early 2022"]
[White "Williams, Simon K"]
[Black "Dimitrov, Atanas"]
[WhiteFideId "404454"]
[BlackFideId "2901315"]
[WhiteElo "2468"]
[BlackElo "2744"]
[Result "1-0"]
[Round "09"]
[TimeControl "180+1"]
[Date "2022.09.13"]
[WhiteClock "0:00:21"]
[BlackClock "0:00:02"]

1. d4 Nf6 2. c4 e6 3. Nf3 Be7 4. g4 d5 5. g5 Ne4 6. Nc3 Nxc3 7. bxc3 Nd7 8. h4 c6 9. a4 Qc7 10. Qd3 dxc4 11. Qxc4 Nb6 12. Qb3 c5 13. a5 Nd5 14. e4 Nf4 15. Bb5+ Kf8 16. h5 a6 17. Bf1 h6 18. gxh6 Rxh6 19. Ne5 Rxh5 20. Bxf4 Rxh1 21. Ng6+ fxg6 22. Bxc7 cxd4 23. cxd4 Bd7 24. Qxb7 Re8 25. O-O-O Rc8 26. Kb1 Rh5 27. Bxa6 Re8 28. d5 exd5 29. exd5 Bc5 30. Bd3 Kg8 31. a6 Bf5 32. Bxf5 Rxf5 33. a7 Bxa7 34. Qxa7 Rf7 35. d6 Rd7 36. Qc5 Ra8 37. Qd5+ Kh7 1-0


[Site "https://www.chess.com"]

[Event "Titled Tuesday Blitz September 13 Early 2022"]
[White "Winterberg, Lukas"]
[Black "Goryachkina, Aleksandra"]
[WhiteFideId "24622702"]
[BlackFideId "4147103"]
[WhiteElo "2349"]
[BlackElo "2426"]
[Result "0-1"]
[Round "09"]
[TimeControl "180+1"]
[Date "2022.09.13"]
[WhiteClock "0:00:06"]
[BlackClock "0:00:16"]

1. d4 Nf6 2. Nf3 e6 3. c4 d5 4. Nc3 Nbd7 5. Bf4 dxc4 6. e3 Bd6 7. Bxd6 cxd6 8. Bxc4 O-O 9. O-O Nb6 10. Bd3 Bd7 11. Rc1 Bc6 12. e4 Rc8 13. Qe2 h6 14. h3 a6 15. Rfd1 Qe7 16. Bb1 Rfd8 17. Nh2 e5 18. d5 Bd7 19. b3 Rc5 20. b4 Rc7 21. Bd3 Rdc8 22. Qd2 Nc4 23. Qe1 Nb2 24. Rd2 Nxd3 25. Rxd3 Rc4 26. a3 Nxe4 27. Ne2 Rxc1 28. Nxc1 Bb5 29. Re3 Nf6 30. Ng4 Nxd5 31. Rg3 Kh8 32. Nb3 Qe6 33. Qe4 Nf4 34. Qxb7 Ne2+ 35. Kh2 Nxg3 36. fxg3 h5 37. Ne3 Rc3 38. Qf3 Rxb3 39. Qxh5+ Kg8 40. Nf5 Bd3 41. Ne3 Bg6 42. Qg5 Qf6 43. Qxf6 gxf6 44. Nc4 d5 0-1


[Site "https://www.chess.com"]

[Event "Titled Tuesday Blitz September 13 Early 2022"]
[White "Yurovskykh, Oleksandr"]
[Black "Starozhilov, Leonid"]
[WhiteFideId "14134020"]
[BlackFideId "14106752"]
[WhiteElo "2303"]
[BlackElo "2414"]
[Result "0-1"]
[Round "09"]
[TimeControl "180+1"]
[Date "2022.09.13"]
[WhiteClock "0:00:05"]
[BlackClock "0:00:05"]

1. e4 g6 2. d4 Bg7 3. Nc3 d6 4. Be3 a6 5. Qd2 b5 6. h4 h5 7. Nh3 Bxh3 8. Rxh3 Nd7 9. d5 Ngf6 10. f3 Ne5 11. a4 O-O 12. axb5 axb5 13. Rxa8 Qxa8 14. Bxb5 Rb8 15. Kf2 Neg4+ 16. fxg4 Rxb5 17. g5 Ng4+ 18. Kf3 Rxb2 19. Rh1 Qa5 20. Ne2 Qa4 21. Rc1 Ne5+ 22. Kg3 Qxe4 23. Bf4 Ra2 24. Qe3 Qf5 25. Nd4 Qg4+ 26. Kh2 Qxh4+ 27. Kg1 Ra3 28. Qxa3 Qxf4 29. Rd1 Qxg5 30. Nf3 Qf4 31. Nxe5 Bxe5 32. Qf3 Qh2+ 33. Kf2 Qh4+ 34. Ke2 Qc4+ 35. Qd3 Qg4+ 36. Qf3 Qg5 37. c4 Kg7 38. Rb1 Bf6 39. Rf1 Qe5+ 40. Qe3 Qb2+ 41. Qd2 Qa3 42. Qd3 Qb4 43. Kf3 Be5 44. Rf2 f5 45. Re2 Qc5 46. Re3 Bf6 47. Re1 Be5 48. Rf1 Qb4 49. Rh1 Qb2 50. Rf1 Qb7 51. Rf2 c6 52. Re2 cxd5 53. Qxd5 Qb3+ 54. Qd3 Qxd3+ 55. Re3 Qxc4 0-1


[Site "https://www.chess.com"]

[Event "Titled Tuesday Blitz September 13 Early 2022"]
[White "Zhigalko, Sergei"]
[Black "Bluebaum, Matthias"]
[WhiteFideId "13502956"]
[BlackFideId "24651516"]
[WhiteElo "2662"]
[BlackElo "2633"]
[Result "1-0"]
[Round "09"]
[TimeControl "180+1"]
[Date "2022.09.13"]
[WhiteClock "0:00:08"]
[BlackClock "0:00:07"]

1. e4 e5 2. Nf3 Nf6 3. Nxe5 d6 4. Nf3 Nxe4 5. Nc3 Nxc3 6. dxc3 Be7 7. Be3 Nd7 8. Qd2 O-O 9. O-O-O Nf6 10. Bd3 Re8 11. h3 c5 12. Kb1 Qa5 13. Rhe1 Be6 14. c4 Qxd2 15. Nxd2 d5 16. Bf4 Rad8 17. Be5 dxc4 18. Nxc4 b5 19. Ne3 c4 20. Bf5 Nd7 21. Bc7 Nc5 22. Bxd8 Bxd8 23. Nd5 Kf8 24. Bxe6 fxe6 25. Nb4 a5 26. Nc6 Bf6 27. Ne5 Ke7 28. Nc6+ Kf7 29. Ne5+ Ke7 30. f4 Rc8 31. Re2 g6 32. Red2 Rc7 33. Rd8 c3 34. bxc3 Bxe5 35. fxe5 Ne4 36. R1d3 Nxc3+ 37. Kb2 Na4+ 38. Kc1 Nc5 39. R3d4 b4 40. Rh8 Nd7 41. Rxh7+ Ke8 42. Rh8+ Ke7 43. Rh7+ Ke8 44. h4 a4 45. Kb1 b3 46. axb3 axb3 47. cxb3 Rb7 48. Rdxd7 Rxb3+ 49. Kc2 Rg3 50. Rde7+ Kd8 51. Ra7 Rxg2+ 52. Kd3 Rg3+ 53. Ke2 Rg4 54. Rh8# 1-0


[Site "https://www.chess.com"]

[Event "Titled Tuesday Blitz September 13 Early 2022"]
[White "assezde36"]
[Black "Movahed, Sina"]
[BlackFideId "42520835"]
[WhiteElo "2770"]
[BlackElo "2117"]
[Result "0-1"]
[Round "09"]
[TimeControl "180+1"]
[Date "2022.09.13"]
[WhiteClock "0:00:02"]
[BlackClock "0:00:09"]

1. d4 Nf6 2. c4 g6 3. Nf3 Bg7 4. e3 O-O 5. Be2 d6 6. O-O Nbd7 7. Nc3 e5 8. b4 exd4 9. Nxd4 a5 10. b5 Nc5 11. Bb2 a4 12. Rc1 a3 13. Ba1 Re8 14. Qc2 h5 15. Rfd1 h4 16. h3 Nfe4 17. Nd5 Bd7 18. Nf3 Bxa1 19. Rxa1 Bf5 20. Nd4 Bd7 21. Bf3 Ng5 22. Qc3 Be6 23. Nxe6 Nxf3+ 24. gxf3 Rxe6 25. Rd4 c6 26. Nf4 Qg5+ 27. Kh2 Qe5 28. Kg2 Rf6 29. Rc1 Qf5 30. Qc2 Qg5+ 31. Kh1 Re8 32. Rg1 Qe5 33. Rg4 Ne6 34. Re4 Qf5 35. Kg2 Nf8 36. Qd3 Re5 37. bxc6 bxc6 38. Rd4 c5 39. Rxd6 Qxd3 40. Rxd3 Ref5 41. Rxh4 Ra6 0-1


[Site "https://www.chess.com"]

[Event "Titled Tuesday Blitz September 13 Early 2022"]
[White "Al-Tarboush, Ward"]
[Black "assezde36"]
[WhiteFideId "7601450"]
[WhiteElo "2234"]
[BlackElo "2764"]
[Result "1-0"]
[Round "10"]
[TimeControl "180+1"]
[Date "2022.09.13"]
[WhiteClock "0:00:15"]
[BlackClock "0:00:18"]

1. e4 d5 2. exd5 Qxd5 3. Nc3 Qa5 4. d4 Nf6 5. Nf3 Bf5 6. Bc4 Nbd7 7. Bd2 c6 8. O-O e6 9. Nh4 Bg4 10. f3 Bh5 11. g4 Bg6 12. g5 Qb6 13. Be3 Nd5 14. Nxd5 cxd5 15. Bb3 a5 16. Ba4 Qa6 17. Bxd7+ Kxd7 18. c3 Bd6 19. a4 Qd3 20. Qxd3 Bxd3 21. Rfd1 Bc4 22. f4 Ra6 23. Rd2 Rb8 24. Nf3 f6 25. Rg2 f5 26. Ne5+ Ke7 27. h4 b5 28. axb5 Rxb5 29. Nxc4 dxc4 30. Ra2 a4 31. Bc1 Rb3 32. Rc2 Kd7 33. h5 Kc6 34. Kg2 Kd5 35. Kf3 Ra8 36. Ke3 Bc7 37. Kf3 Bb6 38. Be3 Bd8 39. Bc1 Be7 40. Ke3 Ra7 41. g6 hxg6 42. hxg6 Bf6 43. Ra3 Bxd4+ 44. Kf3 Bc5 45. Rd2+ Kc6 46. Re2 Kd7 47. Ra2 a3 48. Be3 Bd6 49. Bxa7 axb2 50. Raxb2 Rxc3+ 51. Re3 Rc1 52. Bd4 Bf8 53. Rb7+ Kc6 54. Rf7 Bd6 55. Be5 Bc5 56. Rc3 Rf1+ 57. Kg2 Rf2+ 58. Kg3 Kd5 59. Rd7+ Kc6 60. Rc7+ Kd5 61. Rxc5+ Kxc5 62. Kxf2 1-0


[Site "https://www.chess.com"]

[Event "Titled Tuesday Blitz September 13 Early 2022"]
[White "Bacrot, Etienne"]
[Black "Gokerkan, Cem Kaan"]
[WhiteFideId "605506"]
[BlackFideId "6336760"]
[WhiteElo "2666"]
[BlackElo "2364"]
[Result "0-1"]
[Round "10"]
[TimeControl "180+1"]
[Date "2022.09.13"]
[WhiteClock "0:00:03"]
[BlackClock "0:00:11"]

1. e4 Nf6 2. e5 Nd5 3. d4 d6 4. Nf3 Bg4 5. Be2 e6 6. h3 Bh5 7. exd6 Bxd6 8. Nc3 Nxc3 9. bxc3 O-O 10. O-O Nd7 11. Rb1 Rb8 12. Be3 a6 13. c4 c5 14. c3 Qc7 15. Qb3 e5 16. Rfe1 e4 17. Ng5 Bg6 18. h4 h6 19. Nh3 f5 20. g3 Bxg3 21. h5 Bh7 22. dxc5 f4 23. Bd4 e3 24. fxg3 f3 25. Kh2 Bxb1 26. Qxb1 fxe2 27. Qg6 Rf7 28. Rxe2 Ne5 29. Qd6 Qxd6 30. cxd6 Nxc4 31. Nf4 Nxd6 32. Rxe3 Nf5 33. Re6 Nxd4 34. cxd4 Rd8 35. d5 Rxf4 36. gxf4 Rxd5 37. a4 Rxh5+ 38. Kg3 Ra5 39. Rb6 Rxa4 40. Rxb7 Ra5 41. Ra7 Kh7 42. Kg4 h5+ 43. Kh4 Kh6 44. Rb7 Ra4 45. Rb6+ g6 46. Kg3 Kg7 47. Rc6 a5 48. Rb6 Rb4 49. Ra6 a4 50. Kh4 Rxf4+ 51. Kg5 Rg4# 0-1


[Site "https://www.chess.com"]

[Event "Titled Tuesday Blitz September 13 Early 2022"]
[White "Belov, Vladimir"]
[Black "Chan, Luis"]
[WhiteFideId "4132394"]
[BlackFideId "3216357"]
[WhiteElo "2501"]
[BlackElo "1988"]
[Result "1-0"]
[Round "10"]
[TimeControl "180+1"]
[Date "2022.09.13"]
[WhiteClock "0:00:03"]
[BlackClock "0:00:02"]

1. d4 d6 2. e4 Nf6 3. Nc3 Nbd7 4. Nf3 e5 5. Bc4 Be7 6. O-O O-O 7. a4 c6 8. Re1 b6 9. Be3 a6 10. d5 Bb7 11. dxc6 Bxc6 12. Nd2 Nc5 13. Bxc5 dxc5 14. Qe2 Bb7 15. Nf1 b5 16. axb5 axb5 17. Bxb5 Qb6 18. Rxa8 Rxa8 19. b3 Qa5 20. Nd5 Nxd5 21. exd5 Bd6 22. Ne3 Rd8 23. h4 g6 24. Rd1 e4 25. h5 Qc3 26. Qg4 Qe5 27. hxg6 hxg6 28. g3 Kg7 29. Nc4 Qe7 30. Nxd6 Rxd6 31. c4 e3 32. Qe2 exf2+ 33. Qxf2 Rf6 34. Qb2 Qe3+ 35. Kg2 Bc8 36. Rf1 Bf5 37. Rf3 Qe4 38. Kf2 g5 39. Bd7 Kg6 40. Bxf5+ Rxf5 41. Rxf5 Qxf5+ 42. Kg2 Qe4+ 43. Kf2 Qf5+ 44. Kg1 Qf3 45. Qc2+ f5 46. Kh2 g4 47. Qd2 Kf6 48. d6 1-0


[Site "https://www.chess.com"]